 Dungeon Crawl Stone Soup version 0.28.0-43-g3370ac3207 (webtiles) character file.

Game seed: 15639812700589078291

3112 mortz the Destroyer (level 9, -2/62 (63) HPs)
             Began as a Black Draconian Conjurer on Mar 30, 2022.
             Slain by an orc
             ... wielding a +0 mace
              (6 damage)
             ... on level 9 of the Dungeon on Mar 31, 2022.
             The game lasted 00:48:28 (8938 turns).

mortz the Destroyer (Black Draconian Conjurer)      Turns: 8938, Time: 00:48:29

HP:   -2/62 (63)    AC:  7    Str: 10    XL:     9   Next: 60%
MP:   5/18          EV: 12    Int: 22    God:
Gold: 258           SH:  0    Dex: 10    Spells: 5/21 levels left

rFire   . . .      SeeInvis .   s - staff of air {!astaff}
rCold   . . .      Faith    .   (no shield)
rNeg    + . .      Spirit   .   (armour unavailable)
rPois   .          Reflect  .   (helmet restricted)
rElec   +          Harm     .   (no cloak)
rCorr   +          Rampage  .   (no gloves)
Will    .....                   (no boots)
Stlth   ++........              (no amulet)
HPRegen 0.20/turn               l - ring of positive energy
MPRegen 0.16/turn               v - ring of resist corrosion

@: marked, lightly drained
A: breathe lightning, AC +7, unfitting armour, electricity resistance,
cold-blooded
a: Breathe Lightning


You were on level 9 of the Dungeon.
You visited 1 branch of the dungeon, and saw 9 of its levels.

You collected 324 gold pieces.
You spent 66 gold pieces at shops.


Innate Abilities, Weirdness & Mutations

You can breathe wild blasts of lightning.
Your glossy black scales are hard. (AC +7)
You cannot fit into any form of body armour.
You are resistant to electric shocks. (rElec)
You are cold-blooded and may be slowed by cold attacks.


   Skills:
 + Level 0.5 Fighting
 + Level 0.2 Maces & Flails
 + Level 3.1 Dodging
 + Level 4.4 Stealth
 + Level 6.6 Spellcasting
 + Level 8.1 Conjurations
 * Level 4.7 Translocations
 * Level 6.7 Air Magic


You had 5 spell levels left.
You knew the following spells:

 Your Spells              Type           Power      Damage    Failure   Level
a - Magic Dart            Conj           100%       1d8       1%          1
b - Searing Ray           Conj           86%        2d7       1%          2
c - Iskenderun's Mystic   Conj/Tloc      35%        2d8       6%          4
d - Shock                 Conj/Air       100%       1d9       1%          1
e - Airstrike             Air            26%        N/A       5%          4
f - Hailstorm             Conj/Ice       25%        3d7       16%         4

Your spell library contained the following spells:

 Spells                   Type           Power      Damage    Failure   Level
 Apportation              Tloc           56%        N/A       1%          1
 Swiftness                Air            53%        N/A       1%          3
 Dazzling Flash           Conj/Hex       50%        N/A       4%          3
 Animate Skeleton         Necr           14%        N/A       9%          1
 Freeze                   Ice            28%        1d5       9%          1
 Summon Small Mammal      Summ           28%        N/A       9%          1
 Fulminant Prism          Conj/Hex       12%        3d9       16%         4
 Call Canine Familiar     Summ           7%         N/A       26%         3
 Frozen Ramparts          Ice            14%        1d3       26%         3
 Summon Guardian Golem    Hex/Summ       7%         N/A       26%         3

Inventory:

Hand Weapons
 b - a +2 dagger of venom {short}
   (You took it off a goblin on level 3 of the Dungeon)
 h - a +0 short sword {short}
   (You took it off a kobold on level 1 of the Dungeon)
 o - a +2 flail of protection {mace}
   (You took it off an orc on level 3 of the Dungeon)
 p - a +0 trident {polearm}
   (You took it off an orc on level 3 of the Dungeon)
 y - a +0 whip of electrocution {mace}
   (You took it off Pikel on level 5 of the Dungeon)
 D - a +1 dagger of draining {short}
   (You took it off an orc on level 6 of the Dungeon)
Missiles
 m - 168 stones {throwing}
 n - 2 curare-tipped darts {=fthrowing}
 A - 3 boomerangs {throwing}
 E - 7 poisoned darts (quivered) {throwing}
Magical Staves
 k - a staff of poison {!astaff}
   (You found it on level 4 of the Dungeon)
 s - a staff of air (weapon) {!astaff}
   (You found it on level 4 of the Dungeon)
 G - a staff of poison {!astaff}
   (You found it on level 6 of the Dungeon)
Jewellery
 l - a ring of positive energy (left hand)
   (You found it on level 4 of the Dungeon)
 r - a ring of see invisible
   (You found it on level 4 of the Dungeon)
 v - a ring of resist corrosion (right hand)
   (You found it on level 5 of the Dungeon)
 B - a ring of willpower
   (You took it off an orc priest on level 5 of the Dungeon)
Wands
 u - a wand of flame (13)
   (You found it on level 5 of the Dungeon)
Scrolls
 d - a scroll of immolation {!r!r}
 e - a scroll of summoning
 f - a scroll of blinking {!r}
 g - a scroll of fear
 j - 2 scrolls of amnesia
 w - a scroll of noise {unknown}
Potions
 a - 2 potions of curing {@q1}
 c - 3 potions of degeneration {!q@e2}
 q - a potion of heal wounds {unknown}
 t - 2 potions of magic
 x - 2 potions of attraction {!q}
 z - 2 potions of resistance
 C - a potion of might {unknown}

Dungeon Overview and Level Annotations

Branches:
Dungeon (9/15)
 Temple: D:4-7         Lair: D:8-11         Orc: D:9-12

Altars:
Fedhas
Gozag
Hepliaklqana
Makhleb
Nemelex Xobeh
Okawaru
Yredelemnul
The Shining One

Shops:
D:4 ?

Annotations:
D:7 Harold
D:8 Grum

########+#
#o.o.....+
#..@.....#
#........#
##########


You could see an orc priest and an orc.


Message History

You become entangled in the net!
You see here a throwing net {=f!fthrowing}. 😕 HP[+1] MP[+1]
Aiming: Shock (safe; 1% risk of failure)
Press: ? - help, Q - select action, (/) - cycle Shift-Dir - straight line, f/p - Harold
Aim: Harold, wielding a +1 flail of protection, wearing a +0 scale mail and quivering 3 throwing nets (moderately wounded, 84% to hit)
You feel a surge of power!
The zap hits Harold. x2
Harold points at you and mumbles some strange words.
You barely resist. 😕 MP[-1]
You lost 1 mp, and now have 0/18 mp.
As you read the scroll of teleportation {@r4}, it crumbles to dust.
You feel strangely unstable. Harold casts a spell at you.
The mark upon you grows brighter.
You cannot throw anything while held in a net.
Unknown command.
Aiming: Throw Flame
Press: ? - help, Q - select action, (/) - cycle Shift-Dir - straight line, f/p - Harold
Aim: Harold, wielding a +1 flail of protection, wearing a +0 scale mail and quivering 3 throwing nets (heavily wounded, 81% to hit)
The puff of flame hits Harold.
Harold gestures at you while chanting. The mark upon you grows brighter.
Aiming: Throw Flame
Press: ? - help, Q - select action, (/) - cycle Shift-Dir - straight line, f/p - Harold
Aim: Harold, wielding a +1 flail of protection, wearing a +0 scale mail and quivering 3 throwing nets (heavily wounded, 81% to hit)
The puff of flame hits Harold but does no damage.
Aiming: Throw Flame
Press: ? - help, Q - select action, (/) - cycle Shift-Dir - straight line, f/p - Harold
Aim: Harold, wielding a +1 flail of protection, wearing a +0 scale mail and quivering 3 throwing nets (heavily wounded, 81% to hit)
The puff of flame hits Harold but does no damage.
Your surroundings suddenly seem different.
Found a book of Spatial Translocations and a ring mail.
Found a stone staircase leading down. 😕 HP[+1]
You start resting.
Harold is nearby! 😕 MP[+1] 😕 HP[+1]
A bullfrog comes into view.
There is a stone staircase leading down here. 😕 MP[+1]
You climb downwards.
There is a stone staircase leading up here. 😕 HP[+1] Grum growls angrily.
The wolf howls!
You hear a howl!
The wolf howls!
You hear a shout!
A wolf comes into view.
Grum drinks a potion.
Grum suddenly seems more resistant.
You hear a shout! x3
The wolf closely misses you.
Grum bares his teeth. 😕 MP[+1]
The wolf bites you! 😮 HP[-6]
You take 6 damage, and now have 46/63 hp.
The wolf closely misses you.
You see here a scroll of teleportation {@r4}.
The wolf bites you. The wolf bites you! 😮 HP[-9]
You take 9 damage, and now have 37/63 hp.
The wolf bites you but does no damage. 😮 HP[+1] MP[+1]
As you read the scroll of teleportation {@r4}, it crumbles to dust.
You feel strangely unstable. The wolf barely misses you. The wolf misses you.
The wolf closely misses you. The wolf misses you.
Your surroundings suddenly seem different.
An orc warrior, an orc priest and 2 orcs come into view.
An orc is wielding a +0 hand axe of draining.
Found a flail and 13 gold pieces.
Found an escape hatch in the floor.
The orc warrior shouts!
The orc priest shouts!
The orc shouts!
The orc warrior hits you from afar with a +0 halberd!!
* * * LOW HITPOINT WARNING * * *
The orc hits you with a +0 hand axe of draining.
* * * LOW HITPOINT WARNING * * *
You partially resist.
You feel drained. 😨 HP[-21]
You now have 62 max hp (-1).
You take 21 damage, and now have 17/62 hp.
MASSIVE DAMAGE!! (PAUSE) 😨 HP[+1] 😨 MP[+1]
The orc warrior hits you from afar with a +0 halberd!
* * * LOW HITPOINT WARNING * * *
There is an escape hatch in the floor, spattered with blood here. 😱 HP[-7]
You take 7 damage, and now have 11/62 hp.
The orc priest barely misses you.
The orc warrior hits you from afar with a +0 halberd!
* * * LOW HITPOINT WARNING * * *
The orc hits you but does no damage.
You slide downwards.
The hatch slams shut behind you. 😱 HP[-8]
You take 8 damage, and now have 3/62 hp.
The orc hits you with a +0 mace.
You die...

Skill      XL: |  1  2  3  4  5  6  7  8  9 |
---------------+----------------------------+-----
Dodging        | 2 3 |  3.1
Stealth        | 2 3 4 |  4.4
Conjurations   | 5 6 7 8 |  8.1
Translocations | 1 2 3 4 |  4.7
Spellcasting   | 3 4 5 6 |  6.6
Air Magic      | 2 5 6 |  6.7
Fighting       | |  0.5
Maces & Flails | |  0.2

Action                   |  1- 3 |  4- 6 |  7- 9 || total
-------------------------+-------+-------+-------++-------
Melee: Hand axe          |     3 |       |       ||     3
       Short sword       |       |     7 |       ||     7
       Tailslap          |       |     1 |       ||     1
       Flail             |       |       |     4 ||     4
 Cast: Magic Dart        |    47 |    43 |     1 ||    91
       Searing Ray       |    11 |    32 |    41 ||    84
       Shock             |       |       |   152 ||   152
       Iskenderun's Myst |       |       |     2 ||     2
       Airstrike         |       |       |     2 ||     2
 Abil: Breathe Lightning |       |       |     2 ||     2
Evoke: Wand              |       |       |     3 ||     3
  Use: Scroll            |       |     6 |     6 ||    12
Armor: Skin              |     5 |     6 |    20 ||    31
Dodge: Dodged            |     4 |    15 |    50 ||    69

Levels and vault maps discovered:
D:1:      lightli_arrival_statue_moat, layout_rooms,
          dreamdust_ecumenical_altar_hidden_monk_grotto,
          kennysheep_another_room, minivault_25, chequers_serial_rivers_room_a,
          dk_noncrumbling_3
D:2:      layout_basic, minmay_indecisive_spiral
D:3:      layout_loops_ring, lemuel_zombie_altar_yredelemnul,
          nicolae_overflow_crystal_walls, nicolae_gozag_seed_capital
D:4:      layout_basic, serial_shops, nicolae_shop_advertising_works
          [nicolae_subvault_shop_adworks], serial_bayou, serial_bayou_pond_d,
          serial_bayou_pond_b, serial_bayou_crossing, serial_bayou_lagoon_a
D:5:      minmay_chambers_of_threes, layout_rooms, bloody_makhleb,
          fedhas_ov_isle_minmay, gup_sewer_entry_spiral, minmay_door_square,
          grunt_ministairs_2, uniq_pikel
D:6:      layout_basic, mainiacjoe_overflow_surrounded_room, lemuel_round_altar,
          nemelex_spade_bored_becter, kb_lookout_dungeons_type, hex_medium
D:7:      layout_loops_cross, temple_pool_b, nicolae_lava_and_water, uniq_harold
D:8:      layout_basic, nicolae_qazlal_style_of_elements, zin_angel, uniq_grum,
          uniq_erica
D:9:      layout_stronghold, mainiacjoe_overflow_six_doors_small,
          nicolae_vehumet_radiance, dpeg_oklobed_lair, uniq_prince_ribbit1

Notes
Turn   | Place    | Note
-------+----------+-------------------------------------------
     0 | D:1      | mortz the Draconian Conjurer began the quest for the Orb.
     0 | D:1      | Reached XP level 1. HP: 14/14 MP: 3/3
     0 | D:1      | magus.rc [v1.9.6]
   479 | D:1      | Reached XP level 2. HP: 14/20 MP: 3/5
   574 | D:1      | Learned a level 2 spell: Searing Ray
   576 | D:1      | magus.rc [v1.9.6]
   755 | D:1      | You pick up a book of Cantrips and begin reading...
   755 | D:1      | You add the spells Animate Skeleton, Summon Small Mammal
                  | and Apportation to your library.
   873 | D:1      | Found a faded altar of an unknown god.
  1126 | D:2      | Reached skill level 2 in Dodging
  1194 | D:2      | Identified the +1 ring mail "Aggupas" {rPois Will- Regen+
                  | Dex+2}
  1265 | D:2      | Reached XP level 3. HP: 26/26 MP: 0/6
  1894 | D:2      | Reached skill level 2 in Stealth
  1894 | D:2      | Reached skill level 5 in Conjurations
  2051 | D:2      | You pick up a book of Callings and begin reading...
  2051 | D:2      | You add the spells Call Canine Familiar and Summon Guardian
                  | Golem to your library.
  2220 | D:3      | Reached XP level 4. HP: 33/33 MP: 4/7
  2254 | D:3      | Learned a level 4 spell: Iskenderun's Mystic Blast
  2503 | D:3      | HP: 7/33 [orc wizard/+0 dagger (3)]
  2526 | D:3      | HP: 2/33 [orc wizard/magic dart (7)]
  2528 | D:3      | Reached skill level 1 in Translocations
  2839 | D:3      | Found an opulent altar of Gozag.
  3046 | D:3      | Found an iron altar of Okawaru.
  3108 | D:3      | Reached XP level 5. HP: 38/38 MP: 4/9
  3604 | D:3      | Found a basalt altar of Yredelemnul.
  3707 | D:4      | Noticed a phantom
  3712 | D:4      | Killed a phantom
  3713 | D:4      | Reached skill level 3 in Spellcasting
  3772 | D:4      | Noticed a necrophage
  3780 | D:4      | Killed a necrophage
  3781 | D:4      | Reached skill level 2 in Translocations
  3781 | D:4      | Reached XP level 6. HP: 45/45 MP: 0/11
  3878 | D:4      | You pick up a book of Frost and begin reading...
  3878 | D:4      | You add the spells Freeze, Frozen Ramparts and Hailstorm to
                  | your library.
  4159 | D:4      | Found Saah's Magic Scroll Shoppe.
  4207 | D:4      | Bought a scroll of identify for 22 gold pieces
  4211 | D:4      | Bought a scroll of identify for 22 gold pieces
  4211 | D:4      | Bought a scroll of identify for 22 gold pieces
  4362 | D:4      | Reached skill level 6 in Conjurations
  4626 | D:4      | You pick up a book of Air and begin reading...
  4626 | D:4      | You add the spells Shock, Swiftness and Airstrike to your
                  | library.
  4629 | D:4      | Learned a level 1 spell: Shock
  4634 | D:4      | Learned a level 4 spell: Airstrike
  4742 | D:4      | Reached skill level 3 in Stealth
  4820 | D:4      | Your scales start taking on a glossy black colour.
  4820 | D:4      | Reached XP level 7. HP: 50/50 MP: 4/12
  4820 | D:4      | Gained mutation: You are resistant to electric shocks.
                  | (rElec) [Black Draconian growth]
  5079 | D:4      | You fall into a shaft and drop 1 floor!
  5079 | D:5      | Entered Level 5 of the Dungeon
  5131 | D:5      | Noticed a yak
  5133 | D:5      | Noticed a yak
  5135 | D:5      | Noticed a yak
  5180 | D:5      | Killed a yak
  5181 | D:5      | Reached skill level 4 in Stealth
  5181 | D:5      | Reached skill level 4 in Spellcasting
  5181 | D:5      | Reached skill level 1 in Air Magic
  5258 | D:5      | Noticed a yak
  5259 | D:5      | Reached skill level 3 in Translocations
  5259 | D:5      | Reached skill level 2 in Air Magic
  6172 | D:5      | Reached XP level 8. HP: 53/58 MP: 3/14
  6301 | D:5      | Found a blossoming altar of Fedhas.
  6489 | D:5      | Reached skill level 5 in Spellcasting
  6489 | D:5      | Reached skill level 3 in Air Magic
  6617 | D:5      | Found a burning altar of Makhleb.
  6652 | D:5      | Noticed Pikel
  6658 | D:5      | Killed Pikel
  6659 | D:5      | Reached skill level 7 in Conjurations
  6659 | D:5      | Reached skill level 4 in Translocations
  6659 | D:5      | Reached skill level 4 in Air Magic
  6831 | D:5      | Reached skill level 5 in Air Magic
  6968 | D:5      | Reached XP level 9. HP: 41/63 MP: 7/17
  7084 | D:5      | Reached skill level 6 in Spellcasting
  7163 | D:5      | Reached skill level 6 in Air Magic
  7284 | D:5      | Reached skill level 3 in Dodging
  7315 | D:5      | Reached skill level 8 in Conjurations
  7609 | D:5      | Learned a level 4 spell: Hailstorm
  7941 | D:6      | Found a sparkling altar of Nemelex Xobeh.
  8222 | D:6      | Found a hazy altar of Hepliaklqana.
  8357 | D:6      | Found a glowing golden altar of the Shining One.
  8896 | D:7      | Noticed Harold
  8917 | D:8      | Noticed Grum
  8935 | D:8      | HP: 11/62 [orc warrior/+0 halberd (7)]
  8936 | D:8      | HP: 3/62 [orc warrior/+0 halberd (8)]
  8938 | D:9      | Slain by an orc

Vanquished Creatures
  Pikel (D:5)
  4 yaks (D:5)
  An ice beast (D:5)
  A black bear (D:5)
  A necrophage (D:4)
  3 ogres
  A centaur (D:6)
  2 phantoms
  2 scorpions (D:5)
  3 water moccasin zombies (D:5)
  2 orc priests (D:5)
  8 hounds
  2 bullfrog skeletons (D:5)
  2 jellies
  A gnoll shaman (D:5)
  4 iguanas
  6 orc wizards
  A hound zombie (D:3)
  2 hound skeletons (D:4)
  A howler monkey skeleton (D:6)
  16 adders
  6 gnolls
  A river rat (D:5)
  A white imp (D:5)
  An ufetubus (D:6)
  An adder skeleton (D:4)
  3 worms
  4 dart slugs
  19 orcs
  4 endoplasms
  2 giant cockroaches
  5 goblins
  3 hobgoblins
  3 jackals (D:3)
  5 kobolds
  4 quokkas
  9 ball pythons
  3 bats
  2 frilled lizards
  A quokka zombie (D:3)
  4 rats
145 creatures vanquished.

Vanquished Creatures (others)
  A bush (D:6)
  25 plants
26 creatures vanquished.

Grand Total: 171 creatures vanquished

Table legend:
 A = Non-vault XP
 B = Vault XP
 C = Vault XP percentage of total XP
 D = Non-vault monster count
 E = Vault monster count
 F = Vault count percentage of total count
                 A         B        C        D         E       F
            +---------+---------+-------+---------+---------+-------
      Total |    2933 |    1514 |  34.0 |     108 |      37 |  25.5
            +---------+---------+-------+---------+---------+-------
        D:1 |      21 |       0 |   0.0 |      15 |       0 |   0.0
        D:2 |      67 |       8 |  10.7 |      10 |       3 |  23.1
        D:3 |     152 |      21 |  12.1 |      19 |       2 |   9.5
        D:4 |     487 |      25 |   4.9 |      23 |       5 |  17.9
        D:5 |    1740 |    1460 |  45.6 |      21 |      27 |  56.2
        D:6 |     466 |       0 |   0.0 |      20 |       0 |   0.0
            +---------+---------+-------+---------+---------+-------

Illustrated notes

Table legend:
 A = Kills in this place as a percentage of kills in entire the game.
 B = Kills by you in this place as a percentage of kills by you in the entire game.
 C = Kills by friends in this place as a percentage of kills by friends in the entire game.
 D = Other kills in this place as a percentage of other kills in the entire game.
 E = Experience gained in this place as a percentage of experience gained in the entire game.
 F = Experience gained in this place divided by the number of levels of this place that you have seen.
                   A       B       C       D       E      F
               +-------+-------+-------+-------+-------+----------------------
         Total | 100.0 | 100.0 |   N/A |   N/A | 100.0 | 494.1
       Dungeon | 100.0 | 100.0 |   N/A |   N/A | 100.0 | 494.1
               +-------+-------+-------+-------+-------+----------------------

Table legend: (Time is in decaauts)
 A = Elapsed time spent in this place.
 B = Non-inter-level travel time spent in this place.
 C = Inter-level travel time spent in this place.
 D = Time resting spent in this place.
 E = Time spent auto-exploring this place.
 F = Levels seen in this place.
 G = Mean time per level.
                   A        B        C        D        E       F      G
               +--------+--------+--------+--------+--------+-----+--------+
         Total |   8991 |   8826 |    165 |   2295 |   4868 |   9 |  999.0 |
       Dungeon |   8991 |   8826 |    165 |   2295 |   4868 |   9 |  999.0 |
               +--------+--------+--------+--------+--------+-----+--------+

Top non-repeatable levels by time:
     D:5: 2018 daAuts
     D:4: 1994 daAuts
     D:3: 1486 daAuts
     D:6: 1226 daAuts
     D:2: 1206 daAuts
     D:1: 1006 daAuts
     D:7: 31 daAuts
     D:8: 19 daAuts
     D:9: 0 daAuts
